 Dungeon Crawl Stone Soup version 0.20-a0-59-g66a9409 (webtiles) character file.

400 KristoblXynda the Sneak (level 6, 0/44 HPs)
             Began as a Vampire Gladiator on Nov 16, 2016.
             Was a Follower of Ru.
             Killed from afar by an orc wizard (6 damage)
             ... with a magic dart
             ... on level 4 of the Dungeon.
             The game lasted 00:06:46 (2504 turns).

KristoblXynda the Sneak (Vampire Gladiator)         Turns: 2504, Time: 00:06:47

Health: 0/44       AC:  4    Str: 19    XL:     6   Next: 54%
Magic:  6/6        EV: 14    Int: 13    God:    Ru [*.....]
Gold:   99         SH:  0    Dex: 14    Spells: 0 memorised, 5 levels left

rFire  . . .     SeeInvis +     a - +1 long sword
rCold  + . .     Gourm    .     b - +0 leather armour
rNeg   + + .     Faith    .     (no shield)
rPois  +         Spirit   .     c - +1 helmet
rElec  .         Reflect  .     n - +0 cloak
rCorr  .         Harm     .     t - +0 pair of gloves
MR     .....                    (no boots)
Stlth  ++++......               (no amulet)
                                (no ring)
                                g - +5 ring of strength

@: regenerating slowly
A: fangs 3, see invisible, unbreathing, reduced AC 1
a: Bat Form, Renounce Religion


You were on level 4 of the Dungeon.
You worshipped Ru.
Ru was aware of your devotion.
You were very thirsty.

You visited 1 branch of the dungeon, and saw 4 of its levels.

You collected 99 gold pieces.

Inventory:

Hand Weapons
 a - a +1 long sword (weapon)
Missiles
 d - 3 throwing nets (quivered)
Armour
 b - a +0 leather armour (worn)
 c - a +1 helmet (worn)
 n - a +0 cloak (worn)
 t - a +0 pair of gloves (worn)
Jewellery
 g - a +5 ring of strength (left hand)
Scrolls
 h - 2 scrolls of teleportation
 i - 2 scrolls of fear
 j - 4 scrolls of amnesia
 k - a scroll of identify
 r - a scroll of enchant weapon
 s - a scroll of remove curse
Potions
 e - 14 potions of blood
 f - a potion of curing {unknown}
 l - 2 potions of brilliance {unknown}
 p - a potion of magic {unknown}
 u - 2 potions of might {unknown}
Books
 m - a book of Minor Magic

   Spells                             Type                      Level
   a - Magic Dart                     Conjuration                  1
   b - Blink                          Translocation                2
   c - Call Imp                       Summoning                    2
   d - Repel Missiles                 Charms/Air                   2
   e - Slow                           Hexes                        2
   f - Conjure Flame                  Conjuration/Fire             3
   g - Mephitic Cloud                 Conjuration/Poison/Air       3
 o - a book of Cantrips

   Spells                             Type                      Level
   a - Confusing Touch                Hexes                        1
   b - Animate Skeleton               Necromancy                   1
   c - Summon Small Mammal            Summoning                    1
   d - Apportation                    Translocation                1


   Skills:
 - Level 2.0 Fighting
 + Level 4.7 Long Blades
 - Level 2.0 Throwing
 + Level 0.7 Armour
 - Level 5.0 Dodging
 + Level 5.9 Stealth


You had 5 spell levels left.
You didn't know any spells.

Dungeon Overview and Level Annotations

Branches:
Dungeon (4/15)
 Temple: D:4-7

Altars:
Nemelex Xobeh
Okawaru
Ru
Zin

Shops:
D:3 *


Innate Abilities, Weirdness & Mutations

You heal slowly.
You have razor-sharp teeth.
You have supernaturally acute eyesight. (SInv)
You can survive without breathing.
You take slightly more damage. (AC -3)


Message History

You barely miss the orc wizard. The orc wizard barely misses you.
You riposte.
You barely miss the orc wizard.
You hit the orc wizard but do no damage.
The orc wizard mumbles some strange words.
The orc wizard blinks!
The orc wizard casts a spell.
The orc wizard seems to speed up.
You hit the worm.
The worm is moderately wounded.
The worm bites you but does no damage.
You slash the worm!
The worm is severely wounded.
The orc wizard casts a spell.
The orc wizard blinks!
The worm bites you!
The orc wizard points at you and mumbles some strange words.
The magic dart hits you!
* * * LOW HITPOINT WARNING * * *
The orc wizard points at you and mumbles some strange words.
The magic dart hits you!
You die...

###.#.##......#.#.#######
#...#.##......#.#.#######
#.###.##......+..........
#.....##......###.#######
#.............# #.#
#.####........##.#####.#######
...............................
........#...........###########
.#.##.#####w..@o......# #.# #
#......)).........###.#
.....###).............# ##..#
#.........####.# ..
#.........####.#####
###.................
#.....#.#......###
#####.....#.#......#
...................###


You could see a worm and an orc wizard.

Vanquished Creatures
  Sigmund (D:4)
  A scorpion (D:4)
  An orc priest (D:4)
  A worker ant zombie (D:4)
  4 adders
  4 gnolls (D:2)
  3 worms
  A dart slug (D:1)
  2 leopard geckos
  3 orcs
  5 giant cockroaches
  10 hobgoblins
  8 jackals
  6 kobolds
  6 bats
  8 goblins
  3 rats
67 creatures vanquished.

Notes
Turn   | Place    | Note
-------+----------+-------------------------------------------
     0 | D:1      | KristoblXynda the Vampire Gladiator began the quest for the Orb.
     0 | D:1      | Reached XP level 1. HP: 16/16 MP: 1/1
    42 | D:1      | Reached XP level 2. HP: 4/22 MP: 2/2
    45 | D:1      | HP: 1/22 [kobold/dagger (2)]
    47 | D:1      | Reached skill level 1 in Stealth
   605 | D:1      | Reached XP level 3. HP: 27/27 MP: 3/3
   698 | D:2      | Found a sacrificial altar of Ru.
   723 | D:2      | Became a worshipper of Ru the Awakened
   855 | D:2      | Found a faded altar of an unknown god.
   887 | D:2      | Found an iron altar of Okawaru.
   958 | D:2      | Reached XP level 4. HP: 26/33 MP: 4/4
  1545 | D:3      | Found a sparkling altar of Nemelex Xobeh.
  1553 | D:3      | Found Zin's Purification Station.
  1558 | D:3      | Found a glowing silver altar of Zin.
  1674 | D:3      | Reached XP level 5. HP: 38/38 MP: 5/5
  1685 | D:3      | Gained mutation: You take slightly more damage. (AC -3) [Ru sacrifice]
  1685 | D:3      | Reached * piety under Ru
  2281 | D:4      | Noticed Sigmund
  2295 | D:4      | Killed Sigmund
  2295 | D:4      | Reached skill level 5 in Dodging
  2295 | D:4      | Reached skill level 5 in Stealth
  2295 | D:4      | Reached XP level 6. HP: 36/44 MP: 6/6
  2504 | D:4      | Killed from afar by an orc wizard

Vault maps used:
D:1:      minmay_arrival_five_plusses, corner_web_ring
D:2:      nicolae_overflow_crystal_walls, okawaru_ov_weapons_minmay,
          ecumenical_altar_1, first_bread
D:3:      zin_purify, nemelex_xobeh_ov_fountains_minmay
D:4:      uniq_robin, uniq_crazy_yiuf_cottage, uniq_menkaure, uniq_sigmund

Skill      XL: |  1  2  3  4  5 |
---------------+----------------+-----
Fighting       | 2 |  2.0
Stealth        | 2 3 4 5 |  5.9
Throwing       | 2 |  2.0
Dodging        | 4 5 |  5.0
Long Blades    | 4 |  4.7
Armour         | |  0.7

Action                   |  1- 3 |  4- 6 || total
-------------------------+-------+-------++-------
Melee: Long sword        |    88 |    81 ||   169
       Bite              |    11 |     8 ||    19
Invok: Sacrifice Health  |       |     1 ||     1
  Use: Scroll            |     4 |     6 ||    10
       Potion            |       |     2 ||     2
 Stab: Sleeping          |     1 |     7 ||     8
       Distracted        |       |     1 ||     1
Armor: Leather armour    |    38 |    12 ||    50
Dodge: Dodged            |   116 |    50 ||   166
       Rpst.: Long sword |    38 |    21 ||    59
